 Dungeon Crawl Stone Soup version 0.28.0-62-gf88900778d (webtiles) character file.

Game seed: 11116749377794483156

30958 cbfl8 the Severer (level 13, 0/113 HPs)
             Began as a Minotaur Fighter on Aug 22, 2023.
             Was an Initiate of Gozag.
             Killed from afar by a starcursed mass (9 damage)
             ... with an accursed screaming
             ... on level 2 of the Abyss.
             The game lasted 00:21:37 (19829 turns).

cbfl8 the Severer (Minotaur Fighter)               Turns: 19829, Time: 00:21:38

Health: 0/113      AC: 21    Str: 28    XL:     13   Next: 23%
Magic:  9/9        EV:  4    Int: -1 (5) God:    Gozag
Gold:   417        SH: 18    Dex: 16    Spells: 12/12 levels left

rFire   . . .      SeeInvis .   k - +2 broad axe (freeze)
rCold   . . .      Faith    .   N - +2 tower shield
rNeg    . . .      Spirit   .   D - +0 crystal plate armour
rPois   .          Reflect  .   (helmet restricted)
rElec   .          Harm     .   (no cloak)
rCorr   .          Rampage  ∞   e - +0 pair of gloves
Will    .....                   O - +3 pair of seven-league boots {Rampage+∞}
Stlth   ..........              (no amulet)
HPRegen 0.28/turn               n - +6 ring of strength
MPRegen 0.11/turn               I - +6 ring of dexterity

@: slowed, lost intelligence, unable to read, very slow
A: horns 2, retaliatory headbutt, [clumsy 2], [deformed body], [low MP 2]
a: Renounce Religion, Potion Petition, Call Merchant, Bribe Branch


You were on level 2 of the Abyss.
You worshipped Gozag.
Gozag was aware of your devotion.
You visited 2 branches of the dungeon, and saw 14 of its levels.
You visited the Abyss 1 time.

You collected 2021 gold pieces.
You paid 1604 gold pieces to Gozag.

Inventory:

Hand Weapons
 k - a +2 broad axe of freezing (weapon)
Missiles
 G - a throwing net
 K - 10 javelins
Armour
 e - a +0 pair of gloves (worn)
 D - a +0 crystal plate armour (worn)
 N - a +2 tower shield (worn)
 O - the +3 pair of seven-league boots (worn) {Rampage+∞}
   (You found it on level 10 of the Dungeon)

   Its wearer moves as far as possible in that direction when moving towards
   enemies.
Jewellery
 m - a ring of fire
 n - a +6 ring of strength (left hand)
 H - a ring of resist corrosion
 I - a +6 ring of dexterity (right hand)
Wands
 j - a wand of flame (24)
 l - a wand of charming (4)
 t - a wand of iceblast (1) (quivered)
 B - a wand of polymorph (12)
Scrolls
 a - a scroll of blinking {unknown}
 b - 3 scrolls of teleportation
 d - 3 scrolls of fear {unknown}
 h - 4 scrolls of noise
 i - a scroll of immolation {unknown}
 o - a scroll of brand weapon
 u - a scroll of silence
 y - a scroll of holy word {unknown}
 z - 2 scrolls of fog
 A - 3 scrolls of magic mapping
 E - a scroll of vulnerability {unknown}
 M - a scroll of amnesia
Potions
 f - 2 potions of heal wounds {unknown}
 g - a potion of berserk rage {unknown}
 p - a potion of attraction {unknown}
 q - 2 potions of cancellation {unknown}
 r - a potion of brilliance {unknown}
 s - a potion of invisibility {unknown}
 v - 2 potions of flight
 w - 2 potions of magic {unknown}
 x - 3 potions of degeneration
 C - a potion of mutation {unknown}
 F - 2 potions of ambrosia {unknown}
 J - 2 potions of lignification {unknown}
 L - a potion of resistance {unknown}


   Skills:
 + Level 10.2 Fighting
 + Level 15.6 Axes
 * Level 6.1 Throwing
 + Level 12.7 Armour
 + Level 2.4 Dodging
 + Level 2.1 Stealth
 + Level 8.0 Shields
 * Level 9.2 Evocations


You had 12 spell levels left.
You didn't know any spells.
Your spell library contained the following spells:

 Spells                   Type           Power      Damage    Failure   Level
 Corpse Rot               Necr/Air       0%         N/A       100%        2
 Poisonous Vapours        Pois/Air       0%         N/A       100%        2
 Sublimation of Blood     Necr           0%         N/A       100%        2
 Wereblood                Tmut           0%         N/A       100%        2
 Ozocubu's Armour         Ice            0%         N/A       100%        3
 Stone Arrow              Conj/Erth      0%         3d7       100%        3
 Tukima's Dance           Hex            0%         N/A       100%        3
 Iskenderun's Mystic Bla  Conj/Tloc      0%         2d3       100%        4
 Passage of Golubria      Tloc           0%         N/A       100%        4
 Petrify                  Tmut/Erth      0%         N/A       100%        4
 Metabolic Englaciation   Hex/Ice        0%         N/A       100%        5
 Summon Forest            Summ/Tloc      0%         N/A       100%        5
 Yara's Violent Unravell  Hex/Tmut       0%         3d3       100%        5
 Simulacrum               Ice/Necr       0%         N/A       100%        6
 Statue Form              Tmut/Erth      0%         N/A       100%        6
 Malign Gateway           Summ/Tloc      0%         N/A       100%        7
 Summon Hydra             Summ           0%         N/A       100%        7
 Chain Lightning          Conj/Air       0%         N/A       100%        9
 Fire Storm               Conj/Fire      0%         5d1       100%        9
 Shatter                  Erth           0%         3d5*      100%        9


Dungeon Overview and Level Annotations

Branches:
Dungeon (13/15)            Temple (1/1) D:6            Lair (0/6) D:10
    Orc (0/2) D:12
 Vaults: D:13-14

Altars:
Ashenzari
Cheibriados
Dithmenos
Elyvilon
Fedhas
Gozag
Hepliaklqana
Kikubaaqudgha
Makhleb
Nemelex Xobeh
Okawaru
Qazlal
Ru
Sif Muna
Trog
Uskayaw
Vehumet
Wu Jian
Xom
Yredelemnul
Zin
The Shining One
Beogh

Shops:
D:4 (   D:6 *   D:11 [

Portals:
Bazaar: D:11

Annotations:
D:9 3 runed translucent doors, cbfl8's ghost, journeyman MiBe
D:13 3 runed translucent doors, cbfl8's ghost, journeyman MiBe


Innate Abilities, Weirdness & Mutations

You have a pair of horns on your head.
You reflexively headbutt those who attack you in melee.
[You are very clumsy. (Dex -4)]
[Armour fits poorly on your strangely shaped body.]
[Your magical capacity is very low. (-20% MP)]


Message History

You are too injured to fight recklessly!
You are too injured to fight recklessly!
You are too injured to fight recklessly!
You are too injured to fight recklessly!
You closely miss the large abomination.
The large abomination is heavily damaged.
The large abomination hits you but does no damage.
You block the large abomination's attack.
You barely miss the large abomination.
The large abomination is heavily damaged.
You block the large abomination's attack.
You slash the large abomination! You freeze the large abomination.
The large abomination is almost destroyed.
A starcursed mass comes into view.
You block the large abomination's attack.
You slice the large abomination!! You freeze the large abomination.
You destroy the large abomination!
That felt strangely unrewarding.
A starcursed mass splits. x2
A chorus of shrieks assaults your mind.
The starcursed mass shrieks in your mind.
You cannot read scrolls in your current state!
Unknown command.
A starcursed mass splits.
A chorus of shrieks assaults your mind.
A starcursed mass splits.
A chorus of shrieks assaults your mind.
* * * LOW HITPOINT WARNING * * *
A starcursed mass splits.
A chorus of shrieks assaults your mind.
* * * LOW HITPOINT WARNING * * *
A chorus of shrieks assaults your mind.
* * * LOW HITPOINT WARNING * * *
A chorus of shrieks assaults your mind.
* * * LOW HITPOINT WARNING * * *
You block the starcursed mass's attack.
A small abomination comes into view.
The starcursed mass touches you but does no damage.
A chorus of shrieks assaults your mind.
You die...
Your body crumbles into a pile of gold.

. #....
#.X..####### . ##..
###X. #.....### .#
##X##.....#.# .
##...###.X.#.......
#.....#....#.....#
.§.
.........#.....# .§
.....#...X##...# ##
...###....X.#.### #
##. # ##.###.@...#
... #........#.# .
#.....###...
......... ...#
..#.... ..x.#
...###... # ..#...
# .# ##. ....###
...##


You could see 2 starcursed masses and a small abomination.

Vanquished Creatures
  A tentacled starspawn (Abyss:2)
  Snorg (D:10)
  Josephine (D:10)
  3 boulder beetles
  Fannar (D:12)
  2 tengu warriors (D:13)
  Urug (D:10)
  6 two-headed ogres
  A thrashing horror (Abyss:2)
  A wretched star (Abyss:2)
  2 phantasmal warriors
  A necromancer (D:13)
  An ugly thing (D:13)
  2 manticores (D:12)
  2 cyclopes
  4 large abominations (Abyss:2)
  An orc zombie (Abyss:2)
  An orange demon (Abyss:2)
  A worldbinder (Abyss:2)
  A guardian serpent (D:10)
  A smoke demon (Abyss:2)
  Maggie (D:9)
  Psyche (D:12)
  3 gargoyles (D:12)
  A komodo dragon (D:11)
  5 trolls
  3 raiju (Abyss:2)
  A slime creature (D:7)
  A jumping spider (shapeshifter) (D:12)
  A shadow (D:11)
  A centaur simulacrum (D:10)
  A ynoxinul (Abyss:2)
  2 wyverns (D:9)
  6 wraiths
  24 yaks
  14 humans (D:13)
  10 vampire mosquitoes
  A steam dragon (D:9)
  A water moccasin (D:7)
  3 acid dragons
  2 black bears
  2 ice beasts
  10 orc warriors
  A sky beast (D:7)
  2 necrophages
  4 ogres
  5 small abominations (Abyss:2)
  6 centaurs
  5 kobold brigands
  5 bullfrogs
  6 gnoll sergeants
  4 scorpions
  A water moccasin skeleton (D:4)
  12 wights
  22 killer bees
  A howler monkey (D:7)
  A quasit (Abyss:2)
  2 centaur skeletons
  A hound (D:5)
  A jelly (D:4)
  6 centaur zombies
  4 orc priests
  4 bullfrog skeletons
  3 gnoll shamans
  An iron imp (Abyss:2)
  Jessica (D:3)
  Terence (D:3)
  An iguana (D:7)
  4 orc wizards
  A killer bee zombie (D:8)
  A hound skeleton (D:4)
  9 adders
  16 gnolls
  2 howler monkey skeletons
  4 white imps
  3 adder skeletons (D:4)
  3 worms
  2 dart slugs
  26 orcs
  9 endoplasms
  7 giant cockroaches
  5 goblins
  7 hobgoblins
  6 jackals
  4 quokkas
  3 ball pythons
  4 bats
  2 frilled lizards (D:1)
  17 kobolds
  12 rats
  3 starspawn tentacles (Abyss:2)
379 creatures vanquished.

Vanquished Creatures (collateral kills)
  An orc wizard (D:12)
1 creature vanquished.

Vanquished Creatures (others)
  A goblin (D:12)
  7 fungi (D:10)
  2 plants (D:10)
  A starspawn tentacle (Abyss:2)
11 creatures vanquished.

Grand Total: 391 creatures vanquished

Notes
Turn   | Place    | Note
-------+----------+-------------------------------------------
     0 | D:1      | cbfl8 the Minotaur Fighter began the quest for the Orb.
     0 | D:1      | Reached XP level 1. HP: 19/19 MP: 0/0
     1 | D:1      | Found a runed translucent door.
    31 | D:1      | Reached XP level 2. HP: 25/27 MP: 1/1
   246 | D:1      | Reached XP level 3. HP: 30/33 MP: 2/2
   465 | D:1      | Reached skill level 3 in Axes
   654 | D:2      | Identified the +6 whip of Kaygueb {spect, rC++ rCorr Dex+3
                  | SInv}
   694 | D:2      | Reached skill level 1 in Evocations
   698 | D:2      | Reached XP level 4. HP: 31/40 MP: 3/3
   704 | D:2      | Reached skill level 1 in Dodging
  1328 | D:3      | Noticed Jessica
  1335 | D:3      | Killed Jessica
  1520 | D:3      | Reached skill level 4 in Axes
  1606 | D:3      | Noticed Terence
  1612 | D:3      | Killed Terence
  1613 | D:3      | Reached XP level 5. HP: 39/46 MP: 4/4
  1689 | D:3      | Found a faded altar of an unknown god.
  1807 | D:3      | Found a basalt altar of Yredelemnul.
  2575 | D:4      | Reached skill level 5 in Axes
  2575 | D:4      | Reached XP level 6. HP: 52/53 MP: 5/5
  2993 | D:4      | Found Vutad's Weapon Boutique.
  3423 | D:5      | Entered Level 5 of the Dungeon
  3473 | D:5      | Reached skill level 5 in Armour
  3501 | D:5      | Reached skill level 6 in Axes
  3501 | D:5      | Reached XP level 7. HP: 56/60 MP: 6/6
  3942 | D:5      | Reached skill level 5 in Fighting
  4469 | D:6      | Found a glowing golden altar of the Shining One.
  4471 | D:6      | Found a staircase to the Ecumenical Temple.
  4499 | D:6      | Reached skill level 7 in Axes
  4502 | Temple   | Entered the Ecumenical Temple
  5310 | D:6      | Reached XP level 8. HP: 68/68 MP: 7/7
  5331 | D:5      | Reached skill level 1 in Stealth
  5642 | D:6      | Found Guuh's CLEARANCE SALE!.
  5672 | D:6      | Got the Guide on Orientation and Earth
  5687 | D:6      | Reached skill level 8 in Axes
  6180 | D:7      | Reached XP level 9. HP: 75/75 MP: 8/8
  6459 | D:7      | Reached skill level 9 in Axes
  6711 | D:7      | Reached skill level 5 in Shields
  6769 | D:7      | Found a burning altar of Makhleb.
  7114 | D:8      | Noticed a two-headed ogre
  7411 | D:7      | Reached skill level 5 in Evocations
  7507 | D:7      | Killed a two-headed ogre
  7508 | D:7      | Reached skill level 10 in Axes
  7843 | D:8      | Noticed a two-headed ogre
  7853 | D:7      | Killed a two-headed ogre
  7854 | D:7      | Reached XP level 10. HP: 32/84 MP: 9/9
  8731 | D:8      | Reached skill level 11 in Axes
  8990 | D:8      | Found a sacrificial altar of Ru.
  9283 | D:9      | Reached skill level 12 in Axes
  9477 | D:9      | Reached skill level 10 in Armour
  9562 | D:9      | Identified the +2 chain mail of Acookeem {Regen+ rCorr
                  | Slay+3}
  9563 | D:9      | Found a runed translucent gate.
  9564 | D:9      | Noticed cbfl8's ghost (journeyman MiBe)
  9564 | D:9      | Found a runed translucent gate.
  9565 | D:9      | Found a runed translucent gate.
  9630 | D:9      | Noticed a two-headed ogre
  9634 | D:9      | Killed a two-headed ogre
  9867 | D:9      | Noticed Maggie
  9868 | D:9      | Found an opulent altar of Gozag.
  9877 | D:9      | Killed Maggie
  9878 | D:9      | Reached XP level 11. HP: 74/93 MP: 10/10
 10908 | D:9      | Became a worshipper of Gozag Ym Sagoz the Greedy
 10935 | D:10     | Entered Level 10 of the Dungeon
 10971 | D:10     | Noticed Josephine
 10984 | D:10     | Killed Josephine
 11158 | D:10     | Reached skill level 13 in Axes
 11414 | D:10     | Noticed Urug
 11425 | D:10     | Killed Urug
 11592 | D:10     | Noticed Snorg
 11604 | D:10     | Killed Snorg
 12096 | D:10     | Reached skill level 1 in Throwing
 12306 | D:10     | Found an ornate altar of the Wu Jian Council.
 12465 | D:10     | Noticed a two-headed ogre
 12469 | D:10     | Killed a two-headed ogre
 12535 | D:10     | Noticed a phantasmal warrior
 12558 | D:9      | Killed a phantasmal warrior
 12945 | D:10     | Found a staircase to the Lair.
 13074 | D:10     | Noticed a phantasmal warrior
 13080 | D:10     | Killed a phantasmal warrior
 13136 | D:10     | Found the +3 pair of seven-league boots {Rampage+∞}
 13167 | D:10     | Identified a scroll of acquirement
 13170 | D:10     | Acquired a +1 broad axe of freezing
 13505 | D:11     | Found Foatt's Antique Armour Emporium.
 13727 | D:11     | Found a gateway to a bazaar.
 13754 | D:11     | Reached XP level 12. HP: 104/104 MP: 11/11
 13755 | D:11     | Reached skill level 14 in Axes
 14178 | D:11     | Noticed a two-headed ogre
 14184 | D:11     | Killed a two-headed ogre
 14915 | D:12     | Found a staircase to the Orcish Mines.
 15817 | D:12     | Noticed a two-headed ogre
 15825 | D:12     | Killed a two-headed ogre
 15949 | D:12     | Found a bloodstained altar of Trog.
 16098 | D:12     | Noticed a boulder beetle
 16435 | D:12     | Noticed Fannar
 16447 | D:12     | Killed Fannar
 16448 | D:12     | Reached skill level 15 in Axes
 16448 | D:12     | Reached skill level 5 in Throwing
 16685 | D:12     | Noticed a boulder beetle
 16695 | D:12     | Killed a boulder beetle
 17056 | D:12     | Killed a boulder beetle
 17232 | D:12     | Noticed Psyche
 17240 | D:12     | Killed Psyche
 17678 | D:13     | Reached XP level 13. HP: 113/113 MP: 12/12
 18203 | D:13     | Found a runed translucent gate.
 18203 | D:13     | Found a runed translucent gate.
 18203 | D:13     | Found a runed translucent gate.
 18203 | D:13     | Noticed cbfl8's ghost (journeyman MiBe)
 18270 | D:13     | Reached skill level 10 in Fighting
 19483 | D:13     | Cast into level 2 of the Abyss (a wizard)
 19656 | Abyss:2  | Noticed a tentacled starspawn
 19659 | Abyss:2  | Lost intelligence.
 19668 | Abyss:2  | Found a corrupted altar of Lugonu.
 19718 | Abyss:2  | Noticed a tentacled starspawn
 19726 | Abyss:2  | Killed a tentacled starspawn
 19813 | Abyss:2  | Noticed a starcursed mass
 19829 | Abyss:2  | Killed from afar by a starcursed mass

Illustrated notes

Levels and vault maps discovered:
D:1:      dpeg_arrival_caged_fury, layout_basic
D:2:      layout_rooms, minmay_circle_x
D:3:      layout_loops_cross, mainiacjoe_overflow_tiny_flanked,
          ebering_ecumenical_altar_sacrificial, uniq_jessica, uniq_terence
D:4:      layout_loops_corners, serial_shops, shop, skrybe_limestone_x,
          lemuel_flame_loot_1
D:5:      layout_gridville
D:6:      layout_rooms, mainiacjoe_overflow_alcove_1, minmay_temple_entry_tees,
          nicolae_shop_clearance
D:7:      layout_loops_ring, nicolae_overflow_hidden_temple
D:8:      cheibrodos_fzero, layout_rooms, overflow_temple_1_default
D:9:      layout_basic, mainiacjoe_overflow_small_starburst,
          biasface_ghost_orc_armoury, grunt_decor_one_mirror,
          kennysheep_generic_room_9, uniq_maggie
D:10:     layout_stronghold, mainiacjoe_overflow_six_doors_small,
          grunt_lair_entry_orc_guard_hut,
          hellmonk_guarded_unrand_seven_league_boots, uniq_josephine,
          uniq_snorg, uniq_urug
D:11:     layout_grid_maze, serial_shops, statue_bzr, shop_fountains
D:12:     layout_layer_cave, kennysheep_orc_monster_closet_entryway,
          trog_hazing_becter, uniq_fannar, uniq_psyche
D:13:     layout_loops_ring, grunt_vaults_entry_tiered,
          ebering_ghost_rock_garden
Temple:   eino_temple_rhombus
Abyss:2:  base: D:3, abyss_exit_lava, lemuel_firewalk_3

Skill      XL: |  1  2  3  4  5  6  7  8  9 10 11 12 13 |
---------------+----------------------------------------+-----
Armour         | 4 5 6 7 8 10 11 12 | 12.7
Fighting       | 4 5 6 7 9 10 | 10.2
Axes           | 3 4 5 6 7 8 10 12 13 15 | 15.6
Evocations     | 1 2 3 4 5 7 8 9 |  9.2
Dodging        | 1 2 |  2.4
Shields        | 4 5 6 7 8 |  8.0
Stealth        | 1 2 |  2.1
Throwing       | 3 5 6 |  6.1

Action                   |  1- 3 |  4- 6 |  7- 9 | 10-12 | 13-15 || total
-------------------------+-------+-------+-------+-------+-------++-------
Melee: War axe           |    72 |   115 |   207 |   300 |       ||   694
       Headbutt          |    10 |    21 |    37 |   136 |    29 ||   233
       Broad axe         |       |       |       |   234 |   125 ||   359
Invok: Potion Petition   |       |       |       |       |     2 ||     2
Evoke: Wand              |       |       |     3 |    35 |    14 ||    52
  Use: Scroll            |       |     3 |       |    10 |     2 ||    15
       Potion            |       |       |     2 |     5 |     2 ||     9
 Stab: Paralysed         |       |       |       |     3 |       ||     3
       Distracted        |       |       |       |     1 |     1 ||     2
Armor: Scale mail        |    31 |    19 |       |       |       ||    50
       Chain mail        |       |    31 |    44 |       |       ||    75
       Crystal plate arm |       |       |    89 |   349 |   107 ||   545
       Skin              |       |       |       |       |    22 ||    22
Dodge: Dodged            |    41 |    38 |    63 |   155 |    26 ||   323
Block: Buckler           |    21 |    26 |    49 |   148 |    15 ||   259
       Tower shield      |       |       |       |       |   118 ||   118
